General information
- name: BNet
- type: Ladder team game (AT/RT)
- host: Battle.net
- saver: IfUAint1stULast
map: DragonFalls
- players: 8
- length: 40:04
- speed: Fast
- version: 1.28 W3XP
- replay type: Public
» download(347 KB)
Players
team 1 (loser)
NaiLz7768 (
teal | 51 APM | 2044 actions | 39:58)
6 Blademaster
3 Wind Walk
2 Critical Strike
1 Bladestorm
5 Shadow Hunter
3 Healing Wave
2 Hex
» actions
| Assign group hotkey | 8 | |
| Basic commands | 1 | |
| Build / train | 107 | |
| ESC pressed | 5 | |
| Enter build submenu | 38 | |
| Enter hero's abilities submenu | 11 | |
| Give item / drop item | 3 | |
| Remove unit from queue | 2 | |
| Right click | 755 | |
| Select / deselect | 308 | |
| Select group hotkey | 653 | |
| Use ability | 153 | |
2044 total
» units
| Peon | 11 | |
| Wind Rider | 10 | |
| Green Drake | 1 | |
| Goblin Shredder | 1 | |
| Green Dragon | 1 | |
| Green Dragon Whelp | 1 | |
| Shaman | 2 | |
| Troll Batrider | 9 | |
| Troll Witch Doctor | 2 | |
| Raider | 5 | |
| Peasant | 5 | |
| Flying Machine | 1 | |
49 total
» upgrades
| Ranged Weapons | 3 | |
| Spiked Barricades | 3 | |
| Armor | 3 | |
| Shaman Training | 2 | |
| Witch Doctor Training | 2 | |
| Envenomed Spears | 2 | |
| Liquid Fire | 1 | |
| Reinforced Defenses | 1 | |
| Pillage | 1 | |
| Melee Weapons | 3 | |
| Ensnare | 1 | |
22 total
» buildings
| Altar of Storms | 1 | |
| Orc Burrow | 14 | |
| Voodoo Lounge | 1 | |
| Stronghold | 1 | |
| War Mill | 1 | |
| Beastiary | 3 | |
| Great Hall | 2 | |
| Fortress | 1 | |
| Spirit Lodge | 2 | |
| Watch Tower | 3 | |
| Town Hall | 1 | |
| Guard Tower | 1 | |
| Scout Tower | 4 | |
| Arcane Tower | 3 | |
| Lumber Mill | 1 | |
39 total
» build order
00:17 Altar of Storms
00:23 Orc Burrow
01:11 Voodoo Lounge
01:54 Stronghold
02:33 Orc Burrow
02:46 Orc Burrow
03:07 War Mill
04:25 Beastiary
04:29 Beastiary
07:15 Great Hall
08:03 Orc Burrow
08:44 Fortress
10:49 Orc Burrow
10:51 Orc Burrow
13:56 Orc Burrow
13:57 Orc Burrow
15:02 Spirit Lodge
15:11 Spirit Lodge
18:26 Beastiary
26:08 Watch Tower
26:13 Town Hall
26:21 Guard Tower
26:26 Scout Tower
27:52 Orc Burrow
27:55 Orc Burrow
27:58 Orc Burrow
28:00 Orc Burrow
28:57 Scout Tower
29:04 Arcane Tower
29:24 Lumber Mill
29:45 Orc Burrow
29:47 Orc Burrow
32:57 Scout Tower
33:03 Scout Tower
33:12 Arcane Tower
33:31 Watch Tower
33:32 Watch Tower
35:49 Arcane Tower
36:55 Great Hall
» items
| Healing Salve | 5 | |
| Lesser Clarity Potion | 4 | |
| Scroll of Town Portal | 6 | |
| Orb of Lightning | 1 | |
16 total
THUGNASTY (
orange | 22 APM | 530 actions | 23:42)
3 Paladin
2 Devotion Aura
1 Holy Light
» actions
| Build / train | 76 | |
| Enter build submenu | 36 | |
| Enter hero's abilities submenu | 3 | |
| Right click | 213 | |
| Select / deselect | 161 | |
| Use ability | 41 | |
530 total
» units
| Peasant | 9 | |
| Footman | 31 | |
| Knight | 11 | |
| Priest | 4 | |
55 total
» upgrades
| Swords | 2 | |
| Plating | 1 | |
| Lumber Harvesting | 1 | |
4 total
» buildings
| Barracks | 2 | |
| Altar of Kings | 1 | |
| Farm | 10 | |
| Scout Tower | 14 | |
| Keep | 1 | |
| Lumber Mill | 1 | |
| Castle | 1 | |
| Blacksmith | 1 | |
| Guard Tower | 11 | |
| Town Hall | 1 | |
| Arcane Sanctum | 1 | |
44 total
» build order
00:25 Barracks
00:45 Altar of Kings
00:56 Farm
01:39 Scout Tower
02:10 Scout Tower
02:20 Farm
02:53 Farm
03:29 Farm
03:58 Keep
04:07 Lumber Mill
04:53 Farm
06:46 Castle
06:54 Barracks
06:58 Blacksmith
07:25 Farm
07:27 Guard Tower
07:29 Guard Tower
07:56 Scout Tower
08:01 Scout Tower
08:08 Farm
08:34 Scout Tower
08:35 Guard Tower
09:42 Farm
09:52 Scout Tower
10:22 Farm
10:27 Scout Tower
10:29 Guard Tower
11:05 Guard Tower
11:10 Scout Tower
11:47 Town Hall
12:04 Guard Tower
14:08 Guard Tower
17:09 Scout Tower
17:55 Scout Tower
17:57 Guard Tower
18:12 Farm
18:29 Scout Tower
18:31 Guard Tower
18:58 Guard Tower
19:01 Scout Tower
19:16 Arcane Sanctum
20:47 Scout Tower
20:54 Scout Tower
20:55 Guard Tower
headbandkush (
yellow | 40 APM | 953 actions | 23:47)
5 Mountain King
3 Storm Bolt
2 Bash
» actions
| Basic commands | 1 | |
| Build / train | 75 | |
| Enter build submenu | 28 | |
| Enter hero's abilities submenu | 5 | |
| Give item / drop item | 1 | |
| Right click | 424 | |
| Select / deselect | 368 | |
| Use ability | 51 | |
953 total
» units
| Peasant | 14 | |
| Footman | 6 | |
| Mortar Team | 4 | |
| Siege Engine | 10 | |
| Knight | 5 | |
39 total
» upgrades
| Gunpowder | 3 | |
| Lumber Harvesting | 2 | |
| Barrage | 1 | |
| Fragmentation Shards | 1 | |
| Plating | 3 | |
| Masonry | 1 | |
| Swords | 2 | |
13 total
» buildings
| Altar of Kings | 1 | |
| Barracks | 1 | |
| Farm | 9 | |
| Lumber Mill | 1 | |
| Scout Tower | 10 | |
| Keep | 1 | |
| Guard Tower | 7 | |
| Blacksmith | 1 | |
| Arcane Vault | 1 | |
| Workshop | 3 | |
| Town Hall | 1 | |
| Castle | 1 | |
37 total
» build order
01:02 Altar of Kings
01:04 Barracks
01:07 Farm
01:43 Farm
02:21 Lumber Mill
03:01 Scout Tower
03:21 Keep
03:32 Farm
03:33 Guard Tower
03:53 Blacksmith
04:01 Arcane Vault
04:41 Farm
05:07 Scout Tower
05:30 Farm
05:46 Guard Tower
05:51 Workshop
06:58 Workshop
07:09 Town Hall
07:18 Scout Tower
07:23 Scout Tower
07:37 Castle
07:54 Guard Tower
07:55 Scout Tower
08:36 Guard Tower
08:38 Scout Tower
08:39 Scout Tower
08:40 Guard Tower
08:45 Farm
09:32 Guard Tower
09:34 Scout Tower
09:36 Scout Tower
09:44 Scout Tower
10:48 Guard Tower
10:59 Workshop
12:32 Farm
13:15 Farm
14:58 Farm
» items
| Healing Salve | 2 | |
| Potion of Healing | 2 | |
| Scroll of Town Portal | 2 | |
| Potion of Mana | 1 | |
| Orb of Lightning | 1 | |
8 total
TRUMPS_A_RETARD (
purple | 43 APM | 1038 actions | 24:05)
6 Blademaster
1 Wind Walk
3 Critical Strike
1 Mirror Image
1 Bladestorm
» actions
| Build / train | 89 | |
| Enter build submenu | 23 | |
| Enter hero's abilities submenu | 6 | |
| Give item / drop item | 6 | |
| Remove unit from queue | 1 | |
| Right click | 485 | |
| Select / deselect | 345 | |
| Use ability | 83 | |
1038 total
» units
| Peon | 11 | |
| Grunt | 8 | |
| Goblin Zeppelin | 1 | |
| Goblin Shredder | 1 | |
| Troll Headhunter/Berserker | 15 | |
| Shaman | 4 | |
40 total
» upgrades
| Pillage | 1 | |
| Melee Weapons | 2 | |
| Armor | 2 | |
| Berserker Strength | 1 | |
| Troll Regeneration | 1 | |
| Shaman Training | 2 | |
| Berserker Upgrade | 1 | |
| Ranged Weapons | 2 | |
| Spiked Barricades | 1 | |
| Reinforced Defenses | 1 | |
14 total
» buildings
| Altar of Storms | 2 | |
| Orc Burrow | 9 | |
| Barracks | 2 | |
| Voodoo Lounge | 1 | |
| Great Hall | 2 | |
| War Mill | 1 | |
| Stronghold | 1 | |
| Fortress | 1 | |
| Spirit Lodge | 1 | |
20 total
» build order
00:11 Altar of Storms
00:19 Orc Burrow
01:31 Barracks
01:38 Barracks
02:01 Orc Burrow
03:12 Voodoo Lounge
03:41 Orc Burrow
05:16 Great Hall
05:40 War Mill
06:13 Orc Burrow
07:40 Stronghold
10:15 Fortress
10:24 Spirit Lodge
18:16 Orc Burrow
18:22 Orc Burrow
18:41 Orc Burrow
18:49 Orc Burrow
18:56 Orc Burrow
23:43 Altar of Storms
23:58 Great Hall
» items
| Healing Salve | 5 | |
| Boots of Speed | 1 | |
| Periapt of Vitality | 1 | |
| Potion of Lesser Invulnerability | 1 | |
| Potion of Healing | 6 | |
| Lesser Clarity Potion | 1 | |
| Scroll of Town Portal | 5 | |
| Orb of Lightning | 1 | |
| Potion of Mana | 2 | |
| Tiny Great Hall | 1 | |
24 total
team 2 (winner)
naggersnjuice (
red | 238 APM | 9517 actions | 39:58)
7 Archmage
3 Summon Water Elemental
3 Brilliance Aura
1 Mass Teleport
5 Pit Lord
3 Howl of Terror
2 Cleaving Attack
» actions
| Assign group hotkey | 203 | |
| Basic commands | 67 | |
| Build / train | 169 | |
| ESC pressed | 3 | |
| Enter build submenu | 30 | |
| Enter hero's abilities submenu | 12 | |
| Give item / drop item | 14 | |
| Right click | 1402 | |
| Select / deselect | 543 | |
| Select group hotkey | 6843 | |
| Use ability | 231 | |
9517 total
» units
| Peasant | 27 | |
| Footman | 12 | |
| Gryphon Rider | 9 | |
| Dragonhawk Rider | 9 | |
| Knight | 3 | |
60 total
» upgrades
| Defend | 1 | |
| Masonry | 1 | |
| Swords | 3 | |
| Lumber Harvesting | 2 | |
| Armor | 3 | |
| Long Rifles | 1 | |
| Animal War Training | 1 | |
| Cloud | 1 | |
| Storm Hammers | 1 | |
| Plating | 1 | |
15 total
» buildings
| Altar of Kings | 1 | |
| Farm | 9 | |
| Barracks | 1 | |
| Arcane Vault | 1 | |
| Lumber Mill | 2 | |
| Town Hall | 4 | |
| Keep | 2 | |
| Blacksmith | 1 | |
| Scout Tower | 8 | |
| Guard Tower | 14 | |
| Castle | 3 | |
| Gryphon Aviary | 3 | |
| Arcane Tower | 2 | |
51 total
» build order
01:05 Altar of Kings
01:09 Farm
01:14 Barracks
01:40 Farm
02:17 Arcane Vault
02:31 Lumber Mill
02:57 Farm
03:29 Farm
05:02 Town Hall
06:46 Keep
06:46 Keep
07:02 Blacksmith
07:40 Farm
07:41 Farm
07:56 Scout Tower
07:58 Scout Tower
07:59 Scout Tower
08:01 Scout Tower
08:02 Scout Tower
08:03 Scout Tower
08:32 Guard Tower
08:32 Guard Tower
08:32 Guard Tower
09:17 Castle
09:17 Castle
09:17 Castle
09:41 Guard Tower
09:41 Guard Tower
10:28 Gryphon Aviary
11:11 Gryphon Aviary
11:23 Guard Tower
11:23 Guard Tower
11:24 Guard Tower
11:47 Gryphon Aviary
12:34 Farm
16:37 Guard Tower
16:38 Guard Tower
16:38 Guard Tower
16:39 Guard Tower
16:39 Guard Tower
16:40 Guard Tower
17:24 Scout Tower
18:14 Farm
18:14 Farm
18:25 Scout Tower
18:45 Arcane Tower
18:45 Arcane Tower
19:17 Town Hall
28:12 Town Hall
31:56 Town Hall
33:32 Lumber Mill
» items
| Scroll of Regeneration | 13 | |
| Lesser Clarity Potion | 2 | |
| Scroll of Protection | 2 | |
| Scroll of Town Portal | 3 | |
| Orb of Fire | 4 | |
| Ivory Tower | 5 | |
| Scroll of Healing | 1 | |
| Potion of Healing | 3 | |
33 total
IfUAint1stULast (
green | 43 APM | 1727 actions | 39:58)
6 Paladin
3 Holy Light
1 Devotion Aura
1 Divine Shield
1 Resurrection
» actions
| Assign group hotkey | 54 | |
| Basic commands | 113 | |
| Build / train | 111 | |
| Enter build submenu | 97 | |
| Enter hero's abilities submenu | 6 | |
| Give item / drop item | 1 | |
| Remove unit from queue | 1 | |
| Right click | 602 | |
| Select / deselect | 447 | |
| Select group hotkey | 136 | |
| Use ability | 159 | |
1727 total
» units
| Peasant | 20 | |
| Priest | 3 | |
| Goblin Shredder | 1 | |
| Mortar Team | 2 | |
| Goblin Zeppelin | 1 | |
| Green Dragon | 1 | |
28 total
» upgrades
| Masonry | 3 | |
| Lumber Harvesting | 2 | |
| Magic Sentry | 1 | |
| Priest Training | 1 | |
| Gunpowder | 1 | |
| Armor | 1 | |
| Fragmentation Shards | 1 | |
| Flare | 1 | |
| Sorceress Training | 1 | |
12 total
» buildings
| Lumber Mill | 1 | |
| Scout Tower | 88 | |
| Farm | 10 | |
| Arcane Tower | 8 | |
| Guard Tower | 44 | |
| Keep | 1 | |
| Altar of Kings | 1 | |
| Arcane Sanctum | 1 | |
| Castle | 1 | |
| Arcane Vault | 3 | |
| Blacksmith | 1 | |
| Barracks | 1 | |
| Workshop | 3 | |
| Town Hall | 3 | |
166 total
» build order
00:49 Lumber Mill
00:56 Scout Tower
00:58 Scout Tower
01:20 Farm
01:23 Farm
01:33 Arcane Tower
01:35 Farm
01:36 Farm
01:53 Arcane Tower
02:37 Farm
03:06 Scout Tower
03:06 Scout Tower
03:10 Scout Tower
03:12 Farm
03:13 Scout Tower
03:21 Farm
03:22 Farm
03:25 Farm
03:38 Guard Tower
03:39 Guard Tower
04:07 Guard Tower
04:27 Keep
05:03 Scout Tower
05:09 Scout Tower
05:10 Scout Tower
05:12 Scout Tower
05:14 Scout Tower
05:16 Arcane Tower
06:17 Guard Tower
06:44 Scout Tower
06:51 Scout Tower
06:59 Scout Tower
07:08 Altar of Kings
07:13 Scout Tower
07:16 Scout Tower
07:17 Scout Tower
07:18 Scout Tower
07:22 Scout Tower
07:24 Arcane Tower
07:27 Arcane Tower
07:33 Guard Tower
07:42 Guard Tower
07:42 Guard Tower
07:43 Guard Tower
07:45 Guard Tower
07:45 Guard Tower
07:48 Guard Tower
07:48 Guard Tower
07:53 Scout Tower
07:54 Scout Tower
07:55 Scout Tower
07:56 Scout Tower
07:57 Scout Tower
08:00 Scout Tower
08:05 Scout Tower
08:27 Guard Tower
08:28 Guard Tower
08:31 Guard Tower
08:34 Guard Tower
08:49 Arcane Tower
08:50 Guard Tower
08:51 Guard Tower
09:33 Scout Tower
09:35 Scout Tower
09:36 Scout Tower
09:37 Scout Tower
09:39 Arcane Sanctum
09:43 Castle
10:03 Guard Tower
10:10 Arcane Vault
10:13 Arcane Vault
10:30 Scout Tower
10:31 Scout Tower
10:32 Scout Tower
10:32 Scout Tower
10:35 Scout Tower
10:36 Scout Tower
10:42 Guard Tower
10:46 Scout Tower
10:47 Scout Tower
10:47 Scout Tower
10:49 Scout Tower
11:22 Guard Tower
11:46 Guard Tower
11:47 Guard Tower
13:06 Scout Tower
13:07 Scout Tower
13:07 Scout Tower
13:19 Arcane Vault
13:31 Scout Tower
13:31 Scout Tower
13:32 Scout Tower
13:32 Scout Tower
13:35 Scout Tower
13:35 Scout Tower
13:39 Guard Tower
13:41 Guard Tower
13:41 Guard Tower
13:42 Guard Tower
13:42 Guard Tower
14:19 Guard Tower
14:25 Guard Tower
16:18 Guard Tower
16:22 Guard Tower
16:52 Blacksmith
18:01 Barracks
18:04 Workshop
18:04 Workshop
18:05 Workshop
19:18 Scout Tower
19:19 Scout Tower
19:20 Scout Tower
19:21 Scout Tower
19:22 Scout Tower
19:23 Scout Tower
19:25 Scout Tower
19:31 Scout Tower
19:32 Scout Tower
19:58 Guard Tower
20:01 Guard Tower
21:15 Guard Tower
25:13 Town Hall
25:19 Scout Tower
25:19 Scout Tower
25:20 Scout Tower
25:24 Scout Tower
25:32 Scout Tower
25:36 Scout Tower
25:52 Guard Tower
25:59 Guard Tower
26:51 Guard Tower
28:18 Arcane Tower
31:00 Farm
32:01 Scout Tower
32:01 Scout Tower
32:02 Scout Tower
32:04 Scout Tower
32:04 Scout Tower
32:47 Town Hall
32:58 Guard Tower
32:59 Scout Tower
33:00 Scout Tower
33:00 Scout Tower
33:33 Guard Tower
35:00 Scout Tower
35:00 Scout Tower
35:02 Scout Tower
35:02 Scout Tower
35:02 Scout Tower
35:02 Scout Tower
35:24 Scout Tower
35:24 Scout Tower
35:25 Scout Tower
35:25 Scout Tower
35:56 Guard Tower
36:00 Scout Tower
36:00 Scout Tower
36:01 Guard Tower
36:04 Scout Tower
36:04 Scout Tower
36:05 Scout Tower
36:05 Scout Tower
36:18 Guard Tower
36:47 Guard Tower
36:51 Town Hall
39:11 Arcane Tower
» items
| Orb of Fire | 1 | |
| Healing Salve | 2 | |
| Lesser Clarity Potion | 1 | |
| Scroll of Town Portal | 1 | |
| Staff of Teleportation | 1 | |
| Boots of Speed | 1 | |
| Periapt of Vitality | 1 | |
8 total
mui25 (
pink | 54 APM | 2157 actions | 39:58)
7 Blademaster
3 Wind Walk
3 Critical Strike
1 Bladestorm
3 Far Seer
2 Feral Spirit
1 Chain Lighting
» actions
| Assign group hotkey | 42 | |
| Build / train | 73 | |
| ESC pressed | 2 | |
| Enter build submenu | 40 | |
| Enter hero's abilities submenu | 10 | |
| Right click | 695 | |
| Select / deselect | 510 | |
| Select group hotkey | 692 | |
| Use ability | 93 | |
2157 total
» units
| Peon | 15 | |
| Grunt | 5 | |
| Troll Headhunter/Berserker | 9 | |
| Goblin Shredder | 1 | |
| Wind Rider | 14 | |
44 total
» upgrades
| Pillage | 1 | |
| Armor | 3 | |
| Troll Regeneration | 1 | |
| Ranged Weapons | 3 | |
| Berserker Upgrade | 1 | |
| Reinforced Defenses | 1 | |
| Envenomed Spears | 1 | |
11 total
» buildings
| Altar of Storms | 1 | |
| Orc Burrow | 13 | |
| Barracks | 3 | |
| War Mill | 1 | |
| Voodoo Lounge | 1 | |
| Watch Tower | 6 | |
| Stronghold | 1 | |
| Fortress | 1 | |
| Great Hall | 3 | |
| Beastiary | 2 | |
| Spirit Lodge | 1 | |
33 total
» build order
00:18 Altar of Storms
00:21 Orc Burrow
01:06 Barracks
01:37 Orc Burrow
02:06 War Mill
02:44 Barracks
02:49 Voodoo Lounge
03:22 Watch Tower
04:07 Watch Tower
05:13 Stronghold
05:55 Barracks
06:46 Orc Burrow
07:06 Orc Burrow
07:45 Fortress
08:27 Great Hall
12:08 Orc Burrow
12:12 Orc Burrow
12:15 Orc Burrow
12:48 Watch Tower
13:02 Orc Burrow
14:01 Orc Burrow
14:58 Beastiary
19:47 Orc Burrow
20:18 Beastiary
21:06 Orc Burrow
22:09 Orc Burrow
22:18 Spirit Lodge
23:38 Orc Burrow
25:59 Great Hall
26:13 Watch Tower
26:14 Watch Tower
26:15 Watch Tower
34:03 Great Hall
» items
| Healing Salve | 1 | |
| Scroll of Town Portal | 2 | |
| Orb of Lightning | 1 | |
4 total
supyosupi (
blue | 67 APM | 1822 actions | 27:02)
6 Death Knight
3 Death Coil
2 Unholy Aura
1 Animate Dead
6 Lich
3 Frost Nova
2 Dark Ritual
1 Death and Decay
» actions
| Assign group hotkey | 14 | |
| Basic commands | 73 | |
| Build / train | 90 | |
| ESC pressed | 3 | |
| Enter build submenu | 27 | |
| Enter hero's abilities submenu | 12 | |
| Give item / drop item | 6 | |
| Right click | 527 | |
| Select / deselect | 259 | |
| Select group hotkey | 716 | |
| Use ability | 95 | |
1822 total
» units
| Acolyte | 12 | |
| Ghoul | 10 | |
| Frost Wyrm | 7 | |
29 total
» upgrades
| Creature Attack | 3 | |
| Creature Carapace | 3 | |
| Freezing Breath | 1 | |
7 total
» buildings
| Crypt | 1 | |
| Ziggurat | 11 | |
| Altar of Darkness | 1 | |
| Graveyard | 1 | |
| Halls of the Dead | 2 | |
| Tomb of Relics | 1 | |
| Necropolis | 1 | |
| Black Citadel | 2 | |
| Spirit Tower | 2 | |
| Sacrificial Pit | 1 | |
| Boneyard | 4 | |
| Nerubian Tower | 2 | |
29 total
» build order
00:08 Crypt
00:09 Ziggurat
00:55 Altar of Darkness
01:03 Ziggurat
03:07 Graveyard
04:16 Halls of the Dead
04:16 Halls of the Dead
05:38 Ziggurat
05:40 Ziggurat
06:16 Tomb of Relics
06:35 Ziggurat
06:38 Necropolis
06:39 Ziggurat
06:43 Ziggurat
06:49 Black Citadel
06:49 Black Citadel
07:46 Spirit Tower
07:49 Ziggurat
08:04 Ziggurat
09:02 Sacrificial Pit
09:49 Boneyard
09:50 Boneyard
09:52 Boneyard
09:55 Boneyard
10:18 Nerubian Tower
10:18 Nerubian Tower
18:52 Ziggurat
18:55 Ziggurat
21:44 Spirit Tower
» items
| Circlet of Nobility | 3 | |
| Periapt of Vitality | 2 | |
| Boots of Speed | 1 | |
| Healing Salve | 3 | |
| Orb of Corruption | 2 | |
| Scroll of Town Portal | 6 | |
| Orb of Fire | 1 | |
| Potion of Healing | 3 | |
| Potion of Mana | 3 | |
| Scroll of Regeneration | 1 | |
25 total
Chat log
(00:20 / Allies) supyosupi: play it/
(00:23 / Allies) supyosupi: or not
(00:29 / Allies) IfUAint1stULast: play bros
(00:29 / All) TRUMPS_A_RETARD: fuck u nagger
(00:30 / Allies) IfUAint1stULast: we got dis
(00:32 / Allies) supyosupi: k
(00:39 / Allies) supyosupi: ill take is mine
(00:41 / Allies) mui25: this nagger is good
(00:46 / Allies) IfUAint1stULast: he bak
(01:00 / Allies) mui25: nagger is good i played with him b4
(01:57 / Allies) supyosupi: 100g/4
(03:40 / Allies) mui25: i guess green is towering?
(05:35 / Allies) supyosupi: coming
(05:51 / Allies) supyosupi: bm
(06:02 / Allies) supyosupi: bm wtf
(08:14 / Allies) supyosupi: wood/
(08:21 / Allies) supyosupi: tx
(09:54 / Allies) mui25: ty
(12:34 / Allies) supyosupi: comingm
(16:06 / Allies) supyosupi: b
(16:54 / All) headbandkush: go kill 5 more peons
(18:27 / All) supyosupi: u gay or no
(20:16 / All) supyosupi: im gtoo good
(20:24 / All) headbandkush: no purp trash
(20:57 / All) TRUMPS_A_RETARD: lol yellow sat in his faggot base jerking off his tanks all game
(21:00 / All) IfUAint1stULast: DRAGON SLAYER
(21:01 / All) TRUMPS_A_RETARD: loser motherfucker
(21:05 / All) supyosupi: ur clearly gay
(21:06 / All) supyosupi: LOLZ
(21:12 / All) headbandkush: lol mad lil nigger
(21:33 / All) supyosupi: didn't know girls like u still existed
(21:35 / All) supyosupi: sad
(22:04 / All) headbandkush: purp come last in game
(23:11 / All) THUGNASTY: gg
(23:24 / All) supyosupi: gg
(24:01 / All) naggersnjuice: lol;
(24:06 / All) naggersnjuice: nice try
(24:49 / All) IfUAint1stULast: maybe I should have waited a bit on reveal LOL
(25:44 / All) supyosupi: oops
(27:03 / Allies) IfUAint1stULast: why are you attacking me blue
(27:07 / Allies) IfUAint1stULast: lawl
(27:49 / Allies) mui25: wtf is going on
(34:43 / All) IfUAint1stULast: haha!
(37:37 / Allies) IfUAint1stULast: did you have beef with blue
(37:51 / Allies) mui25: i have no iddea what was going on
(38:06 / Allies) mui25: i thought our team did well
(38:52 / All) NaiLz7768: im not top left pink
(38:59 / All) NaiLz7768: go east
(39:19 / All) NaiLz7768: red ur off course too
(39:58 / Allies) mui25: lol